 Dungeon Crawl Stone Soup version 0.20-a0-823-gdec668e (webtiles) character file.

820 Aksej the Covert (level 7, -8/46 HPs)
             Began as an Octopode Assassin on Mar 5, 2017.
             Was an Initiate of Wu Jian.
             Mangled by an ice beast (11 damage)
             ... on level 5 of the Dungeon.
             The game lasted 00:08:32 (4559 turns).

Aksej the Covert (Octopode Assassin)                Turns: 4559, Time: 00:08:33

Health: -8/46      AC:  1    Str: 10    XL:     7   Next: 95%
Magic:  7/7        EV: 10    Int: 14    God:    Wu Jian [......]
Gold:   233        SH:  0    Dex: 15    Spells: 6/6 levels left

rFire    . . .     SeeInvis .   a - +3 rapier
rCold    . . .     Gourm    .   (no shield)
rNeg     . . .     Faith    .   (helmet restricted)
rPois    .         Spirit   .   (no amulet)
rElec    .         Reflect  .   q - ring of stealth
rCorr    .         Harm     .   h - ring of loudness (curse)
MR       .....                  u - -4 ring of evasion (curse)
Stlth    +++++.....             (no ring)
Regen    0.2/turn               (no ring)
MPRegen  0.1/turn               (no ring)
                                (no ring)
                                (no ring)

@: no status effects
A: almost no armour, stealthy swim, amphibious, 8 rings, constrict 8, camouflage
1, gelatinous body 1
a: Renounce Religion


You were on level 5 of the Dungeon.
You worshipped Wu Jian.
Wu Jian was noncommittal.
You were very hungry.

You visited 1 branch of the dungeon, and saw 7 of its levels.
You also visited: Sewer.

You collected 233 gold pieces.

Inventory:

Hand Weapons
 a - a +3 rapier (weapon)
 b - a +0 blowgun
Missiles
 c - 37 poisoned needles
 d - 2 curare-tipped needles
Jewellery
 h - a cursed ring of loudness (right tentacle)
 q - a ring of stealth (left tentacle)
 u - a cursed -4 ring of evasion (on tentacle)
Scrolls
 k - 2 scrolls of teleportation
 m - 2 scrolls of fear
Potions
 e - a potion of berserk rage
 g - a potion of brilliance
 i - 2 potions of curing
 o - 2 potions of agility
 p - a potion of resistance
 r - 3 potions of flight
Comestibles
 f - 5 bread rations
 l - a meat ration
 s - 3 fruits


   Skills:
 + Level 3.2 Fighting
 * Level 5.4 Short Blades
 + Level 2.1 Throwing
 + Level 2.6 Dodging
 + Level 9.8 Stealth


You had 6 spell levels left.
You didn't know any spells.

Dungeon Overview and Level Annotations

Branches:
Dungeon (7/15)
 Temple: D:4-7

Altars:
Cheibriados
Fedhas
Sif Muna
Trog
Wu Jian

Annotations:
D:7 M4edhros's ghost, novice OpAr


Innate Abilities, Weirdness & Mutations

You cannot wear most types of armour.
You are very stealthy in the water. (Stealth+)
You are amphibious.
You can wear up to eight rings at the same time.
You can use your tentacles to constrict eight enemies at once.
Your skin changes colour to match your surroundings (Stealth+).
Your rubbery body absorbs attacks. (AC +1, EV +1)


Message History

You barely miss the ice beast. The ice beast completely misses you.
You hit the ice beast.
The ice beast is lightly wounded.
The ice beast hits you. The ice beast freezes you!
You hit the ice beast but do no damage.
The ice beast is lightly wounded.
You hit the ice beast.
You squeeze the ice beast, but do no damage.
The ice beast is moderately wounded.
The ice beast barely misses you.
You closely miss the ice beast.
The ice beast is moderately wounded.
The ice beast hits you. The ice beast freezes you!
* * * LOW HITPOINT WARNING * * *
You puncture the ice beast! You squeeze the ice beast!
The ice beast is almost dead.
The ice beast hits you.
* * * LOW HITPOINT WARNING * * *
The ice beast freezes you!
You die...

##.....##.......##
#.......#..###...###
.#.......#.# ##....#
....._.....# #..#.#
.#...รท...#.# ##.##
# .#.......#..# #.)#
##.....##.....#.#
###.####..####.# ...
.......@# #.#.#
#..####Y# #. .. #.#
.. #.. .># #. .##
..# .. .# PP.# .P.#
#..P.


You could see an ice beast.

Vanquished Creatures
  The ghost of Oper80 the Skirmisher, an amateur DsMo (D:3)
  A water moccasin (D:5)
  An ogre (D:5)
  A big kobold (Sewer)
  A scorpion (D:6)
  A hound (D:7)
  An orc wizard (D:4)
  A bullfrog skeleton (D:6)
  A worker ant (D:4)
  8 gnolls
  6 adders
  4 river rats
  A shadow imp (D:5)
  An adder zombie (D:5)
  3 worms (D:2)
  2 dart slugs (D:1)
  5 leopard geckos
  5 orcs
  6 bats
  5 giant cockroaches
  6 goblins
  5 hobgoblins
  8 jackals
  5 frilled lizards
  13 kobolds
  11 rats
103 creatures vanquished.

Notes
Turn   | Place    | Note
-------+----------+-------------------------------------------
     0 | D:1      | Aksej the Octopode Assassin began the quest for the Orb.
     0 | D:1      | Reached XP level 1. HP: 14/14 MP: 1/1
   249 | D:1      | Reached XP level 2. HP: 19/19 MP: 2/2
   326 | D:1      | Reached skill level 6 in Stealth
   381 | D:1      | Reached XP level 3. HP: 15/24 MP: 3/3
   957 | D:2      | Reached XP level 4. HP: 19/29 MP: 4/4
  1227 | D:2      | Found a deep blue altar of Sif Muna.
  1446 | D:2      | Found a blossoming altar of Fedhas.
  1843 | D:3      | Reached skill level 7 in Stealth
  1845 | D:3      | Reached XP level 5. HP: 35/35 MP: 5/5
  2014 | D:3      | Noticed Oper80's ghost (amateur DsMo)
  2033 | D:3      | Killed Oper80's ghost
  2033 | D:3      | Reached skill level 8 in Stealth
  2033 | D:3      | Reached XP level 6. HP: 38/41 MP: 6/6
  2513 | D:4      | Found a glowing drain.
  2517 | Sewer    | Entered a sewer
  3308 | Sewer    | Found a white marble altar of Elyvilon.
  3473 | D:4      | Reached XP level 7. HP: 45/45 MP: 7/7
  3560 | D:4      | You fall through a shaft for 3 floors!
  3567 | D:7      | Noticed M4edhros's ghost (novice OpAr)
  3592 | D:7      | Found a snail-covered altar of Cheibriados.
  3645 | D:7      | Reached skill level 9 in Stealth
  3660 | D:7      | Found a bloodstained altar of Trog.
  4161 | D:5      | Entered Level 5 of the Dungeon
  4161 | D:5      | Found an ornate altar of the Wu Jian Council.
  4166 | D:5      | Reached skill level 5 in Short Blades
  4170 | D:5      | Became a worshipper of the Wu Jian Council
  4559 | D:5      | Mangled by an ice beast

Vault maps used:
D:1:      dpeg_arrival_rooms_c, eino_curves_04, kennysheep_nondescript,
          hangedman_decor_slide_cut
D:2:      marbit_many_paths, fedhas_altar_2, grunt_ministairs_10,
          kennysheep_generic_room_16
D:3:      first_bread, minmay_unequal
D:4:      serial_co_window_serial, co_window_paths_b, co_window_paths_b,
          co_window_paths_a, co_window_corner_a, co_window_paths_a,
          co_window_broadway_c, co_window_of_opportunity_b, co_window_corner_b,
          co_window_paths_c, co_window_paths_d, glass_columns_b,
          gup_sewer_entry_spiral, patterned_corridor
D:5:      old_standard_altar, nicolae_dithmenos_shadow_blocks,
          eat_drink_and_be_merry_uskayaw, kiku_gazebo_garden_becter,
          minmay_temple_entry_junction
D:6:      grunt_temple_overflow_diamond
D:7:      cheibriados_altar_1, lemuel_round_altar, lemuel_statue_altar
Sewer:    sewer_kobolds

Skill      XL: |  1  2  3  4  5  6  7 |
---------------+----------------------+-----
Stealth        | 6 7 8 9 |  9.8
Short Blades   | 3 4 5 |  5.4
Dodging        | 2 |  2.6
Fighting       | 3 |  3.2
Throwing       | |  2.1

Action                   |  1- 3 |  4- 6 |  7- 9 || total
-------------------------+-------+-------+-------++-------
Melee: Dagger            |    44 |   120 |    18 ||   182
       Constrict         |     8 |    26 |    11 ||    45
       Tentacles         |     4 |    17 |    12 ||    33
       Rapier            |       |       |    35 ||    35
  Use: Scroll            |     5 |     8 |     1 ||    14
       Potion            |     3 |     5 |     1 ||     9
 Stab: Sleeping          |    12 |    30 |     5 ||    47
       Distracted        |     1 |       |       ||     1
  Eat: Chunk             |       |     6 |     3 ||     9
       Fruit             |       |     1 |       ||     1
Armor: Skin              |     1 |    10 |     3 ||    14
Dodge: Dodged            |    28 |    74 |    25 ||   127
